AoeStats
← a.l.a.n.t

Nomad

508728269Analyzed
4v4 RM · 9d ago on Sep 23, 2026· 64m 8s· 8 players
Game mode
Random Map
Map size
231×231
Population
200
Speed
Normal
Resources
Standard
Victory
Conquest
Starting age
Dark Age
Ending age
Imperial Age
RankedLock teamsTeams togetherTeam positionsShared explorationLock speedFull tech treeHidden civsTurbo modeCheats
Victory
Defeat
🇩🇪 Danes · Germany
1376
+14
🇺🇸 Saxons · United States
1349
+15
🇧🇷 Persians · Brazil
1321
+17
🇺🇸 Varangians · United States
1298
+18
🇩🇪 Dravidians · Germany
1375
-18
🇬🇧 Danes · United Kingdom
1372
-17
🇮🇹 Wu · Italy
1321
-15
🇮🇳 Tatars · India
1279
-14
Spada_Arancio
13:37 Feudal Age
16:19 Fletching
16:32 Padded Archer Armor
19:38 Castle Age
18:42 Double-Bit Axe
20:36 Wheelbarrow
21:06 Bodkin Arrow
22:15 Ballistics
25:44 Red Cliffs Tactics
26:52 Leather Archer Armor
26:50 Town Watch
35:00 Imperial Age
37:15 Chemistry
36:18 Bracer
40:35 Elite Fire Archer
45:08 Conscription
45:39 Loom
46:14 Hand Cart
48:38 Sitting Tiger
59:18 Crossbowman
59:56 Arbalester
Tronald Dump
9:00 Loom
13:09 Feudal Age
14:00 Double-Bit Axe
15:09 Fletching
19:58 Castle Age
18:12 Fishing Lines
19:29 Padded Archer Armor
23:29 Bodkin Arrow
27:16 Ballistics
33:58 Wheelbarrow
33:06 Horse Collar
37:06 Hand Cart
39:42 Imperial Age
38:12 Scale Mail Armor
38:41 Heavy Plow
38:39 Gold Mining
41:53 Chain Mail Armor
42:04 Conscription
44:17 Chemistry
45:59 Town Watch
46:33 Town Watch
47:28 Masonry
49:00 Plate Mail Armor
48:36 Bracer
48:19 Pikeman
48:59 Squires
50:33 Halberdier
51:50 Heavy Scorpion
53:24 Forging
54:49 Bow Saw
56:31 Iron Casting
60:03 Wootz Steel
62:54 Blast Furnace
63:07 Two-Man Saw
61:49 Siege Elephant
a.l.a.n.t
12:47 Loom
14:51 Feudal Age
19:52 Castle Age
17:45 Fletching
25:17 Bodkin Arrow
47:49 Double-Bit Axe
50:43 Horse Collar
55:30 Bow Saw
57:21 Scale Mail Armor
57:13 Pikeman
57:49 Gambesons
58:05 Squires
62:49 Chain Mail Armor
62:44 Forging
TheDangerous
11:40 Loom
13:54 Feudal Age
16:00 Double-Bit Axe
18:22 Castle Age
17:48 Horse Collar
19:24 Bow Saw
22:43 Gold Mining
26:38 Fletching
33:32 Bodkin Arrow
34:27 Heavy Plow
37:03 Wheelbarrow
39:37 Imperial Age
37:24 Padded Archer Armor
38:54 Town Watch
40:21 Bracer
41:47 Gold Shaft Mining
43:13 Heavy Cavalry Archer
44:15 Bloodlines
45:08 Husbandry
46:01 Stone Mining
46:46 Crop Rotation
46:21 Light Cavalry
47:49 Ballistics
47:38 Scale Barding Armor
47:44 Forging
47:50 Leather Archer Armor
47:58 Hussar
49:09 Chain Barding Armor
49:51 Iron Casting
49:58 Hand Cart
50:02 Silk Armor
50:24 Conscription
54:30 Blast Furnace
54:06 Plate Barding Armor
58:30 Ring Archer Armor
59:46 Elite Steppe Lancer
63:17 Scale Mail Armor
63:26 Elite Keshik
Thor Odinson
5:27 Loom
5:36 Loom
6:58 Loom
15:34 Feudal Age
17:39 Fishing Lines
20:17 Castle Age
18:55 Horse Collar
21:39 Double-Bit Axe
23:12 Bow Saw
29:23 Scale Mail Armor
29:32 Heavy Plow
30:03 Husbandry
30:16 Bloodlines
31:37 Wheelbarrow
32:46 Scale Barding Armor
38:11 Forging
39:54 Chain Barding Armor
39:55 Husbandry
45:48 Iron Casting
50:32 Imperial Age
48:24 Gold Mining
53:03 Hand Cart
53:40 Plate Barding Armor
53:26 Elite Jarl
55:17 Light Cavalry
58:42 Town Watch
61:16 Crop Rotation
62:23 Gillnets
CMCHJK
5:14 Loom
14:13 Feudal Age
13:11 Loom
15:43 Fishing Lines
16:34 Fletching
18:55 Double-Bit Axe
25:35 Castle Age
27:33 Bodkin Arrow
28:24 Padded Archer Armor
30:42 Thumb Ring
30:54 Leather Archer Armor
33:09 Husbandry
37:15 Bloodlines
37:51 Masonry
39:12 Wheelbarrow
38:36 Treadmill Crane
39:43 Bow Saw
39:14 Horse Collar
41:46 Ballistics
45:56 Imperial Age
45:57 Gold Mining
46:44 Bracer
46:21 Crossbowman
48:01 Ring Archer Armor
48:26 Conscription
49:15 Arbalester
53:34 Hand Cart
54:20 Two-Man Saw
53:21 Heavy Plow
53:57 Gold Shaft Mining
55:01 Chemistry
55:11 Siege Engineers
55:38 Elite Skirmisher
57:03 Architecture
61:01 Crop Rotation
60:24 Stone Mining
61:05 Scale Mail Armor
61:15 Forging
63:46 Shield Wall
eletronvalente
4:00 Loom
11:18 Feudal Age
16:27 Castle Age
18:02 Scale Mail Armor
22:28 Horse Collar
26:13 Town Watch
33:05 Fletching
37:09 Fishing Lines
45:17 Gold Mining
46:03 Wheelbarrow
45:30 Town Patrol
45:47 Forging
45:43 Scale Barding Armor
46:37 Stone Mining
47:59 Iron Casting
47:39 Chain Mail Armor
47:45 Chain Barding Armor
53:30 Imperial Age
51:54 Double-Bit Axe
52:49 Gillnets
53:39 Capped Ram
56:31 Conscription
viddie
6:35 Loom
12:32 Feudal Age
19:28 Castle Age
19:26 Fletching
21:40 Wheelbarrow
21:13 Town Watch
23:17 Double-Bit Axe
25:47 Horse Collar
28:05 Bow Saw
29:06 Hand Cart
28:55 Stone Mining
29:18 Gold Mining
29:40 Scale Mail Armor
29:50 Forging
30:57 Squires
31:16 Chain Mail Armor
35:13 Imperial Age
35:17 Iron Casting
35:17 Onager
36:49 Plate Mail Armor
37:08 Heavy Plow
38:28 Bodkin Arrow
39:59 Siege Engineers
39:52 Heated Shot
40:22 Ballistics
40:23 Bracer
41:24 Blast Furnace
40:17 Siege Onager
42:00 Conscription
42:04 Fishing Lines
44:55 Elite Jomsviking
46:20 Northmen's Fury
48:10 Town Patrol
49:15 Chemistry
49:32 Capped Ram
50:52 Siege Ram
51:42 Pikeman
52:08 Gambesons
53:42 Stone Shaft Mining
53:42 Gold Shaft Mining
53:38 Siege Ram
54:12 Hamask
Connection lost

Rejoining the realm…

Still unreachable

The connection could not be restored.

Session expired

The server has moved on; the page needs a fresh start.